 Dungeon Crawl Stone Soup version 0.28-a0-1167-g616b1c6417 (webtiles) character file.

Game seed: 3947143309600149864

7588 Pyroue the Cleaver (level 10, 0/91 HPs)
             Began as a Minotaur Fighter on Dec 16, 2021.
             Was a Believer of Makhleb.
             Slain by an eight-headed hydra (2 damage)
             ... on level 1 of the Lair of Beasts.
             The game lasted 00:28:35 (7843 turns).

Pyroue the Cleaver (Minotaur Fighter)               Turns: 7843, Time: 00:28:35

Health: 0/91       AC:  9    Str: 20    XL:     10   Next: 97%
Magic:  9/9        EV: 14    Int:  5    God:    Makhleb [**....]
Gold:   378        SH:  6    Dex: 15    Spells: 9/9 levels left

rFire   . . .      SeeInvis .   a - +0 war axe (flame)
rCold   . . .      Faith    .   c - +0 buckler
rNeg    . . .      Spirit   .   Q - +0 acid dragon scales
rPois   .          Reflect  .   (helmet restricted)
rElec   .          Harm     .   (no cloak)
rCorr   +          Rampage  .   m - +0 pair of gloves
Will    .....                   (no boots)
Stlth   ++........              z - amulet of regeneration
HPRegen 1.05/turn               (no ring)
MPRegen 0.11/turn               (no ring)

@: about to teleport
A: horns 2, retaliatory headbutt
a: Renounce Religion, Minor Destruction


You were on level 1 of the Lair of Beasts.
You worshipped Makhleb.
Makhleb was pleased with you.
You visited 2 branches of the dungeon, and saw 11 of its levels.

You collected 586 gold pieces.
You spent 208 gold pieces at shops.

Inventory:

Hand Weapons
 a - a +0 war axe of flaming (weapon)
 P - a +0 vampiric halberd
Missiles
 e - 253 stones (quivered)
 i - 233 arrows
 l - 41 sling bullets
 n - 12 javelins
 E - 121 bolts
Armour
 c - a +0 buckler (worn)
 m - a +0 pair of gloves (worn)
 s - a +0 troll leather armour {Pargi}
 Q - +0 acid dragon scales (worn)
Jewellery
 z - an amulet of regeneration (around neck)
Wands
 o - a wand of flame (6)
 O - a wand of iceblast (8)
Scrolls
 f - a scroll of magic mapping
 g - 4 scrolls of vulnerability
 p - 2 scrolls of teleportation
 q - 2 scrolls of brand weapon
 r - a scroll of immolation {unknown}
 t - a scroll of blinking {unknown}
 v - a scroll of identify
 w - 2 scrolls of fear
 F - a scroll of fog
 I - a scroll of silence {unknown}
 L - a scroll of summoning {unknown}
 M - a scroll of enchant armour {unknown}
 S - a scroll of amnesia {unknown}
Potions
 d - a potion of might
 j - 2 potions of mutation {unknown}
 k - 4 potions of curing
 u - 3 potions of haste
 B - a potion of heal wounds
 C - 2 potions of flight {unknown}
 G - 2 potions of brilliance
 H - 2 potions of ambrosia
 J - 2 potions of degeneration {unknown}
 K - a potion of invisibility {unknown}
 N - 2 potions of berserk rage {unknown}
 U - 2 potions of attraction {unknown}


   Skills:
 + Level 9.0 Fighting
 + Level 14.0 Axes
 + Level 0.3 Throwing
 + Level 7.1 Armour
 + Level 5.3 Dodging
 + Level 4.4 Stealth
 + Level 6.8 Shields


You had 9 spell levels left.
You didn't know any spells.
Your spell library contained the following spells:

 Spells                   Type           Power      Damage    Failure   Level
 Summon Small Mammal      Summ           0%         N/A       54%         1
 Ensorcelled Hibernation  Hex/Ice        0%         N/A       69%         2
 Sublimation of Blood     Necr           0%         N/A       69%         2
 Call Canine Familiar     Summ           0%         N/A       89%         3
 Ozocubu's Armour         Ice            0%         N/A       89%         3
 Spider Form              Tmut/Pois      0%         N/A       89%         3
 Summon Guardian Golem    Hex/Summ       0%         N/A       89%         3
 Cause Fear               Hex            0%         N/A       100%        4
 Petrify                  Tmut/Erth      0%         N/A       100%        4
 Irradiate                Conj/Tmut      0%         3d13      100%        5
 Dragon Form              Tmut           0%         N/A       100%        7
 Ozocubu's Refrigeration  Ice            0%         4d5       100%        7
 Dragon's Call            Summ           0%         N/A       100%        9


Dungeon Overview and Level Annotations

Branches:
Dungeon (9/15)             Temple (0/1) D:4            Lair (2/6) D:9
  Swamp: Lair:2-4    Shoals: Lair:2-4     Snake: Lair:2-4    Spider: Lair:2-4
    Orc: D:9-12

Altars:
Cheibriados
Gozag
Makhleb
Nemelex Xobeh
Sif Muna
The Shining One

Shops:
D:5 !

Annotations:
D:8 2 transporters, Fortus's ghost, novice DjFE


Innate Abilities, Weirdness & Mutations

You have a pair of horns on your head.
You reflexively headbutt those who attack you in melee.


Message History

The eight-headed hydra bites you but does no damage.
The eight-headed hydra closely misses you.
The eight-headed hydra barely misses you.
The eight-headed hydra bites you.
You block the eight-headed hydra's attack.
The eight-headed hydra bites you.
The eight-headed hydra barely misses you.
You block the eight-headed hydra's attack.
The eight-headed hydra closely misses you.
The eight-headed hydra bites you! x3
* * * LOW HITPOINT WARNING * * *
There is a stone staircase leading down, spattered with blood here.
As you read the scroll of teleportation, it crumbles to dust.
You feel strangely unstable. The eight-headed hydra bites you!
* * * LOW HITPOINT WARNING * * *
The eight-headed hydra bites you!
* * * LOW HITPOINT WARNING * * *
The eight-headed hydra bites you but does no damage.
The eight-headed hydra completely misses you.
The eight-headed hydra barely misses you.
The eight-headed hydra bites you.
* * * LOW HITPOINT WARNING * * *
The eight-headed hydra bites you.
* * * LOW HITPOINT WARNING * * *
The eight-headed hydra misses you.
You feel much better.
The eight-headed hydra bites you but does no damage.
You block the eight-headed hydra's attack.
The eight-headed hydra barely misses you. x2
The eight-headed hydra bites you!
* * * LOW HITPOINT WARNING * * *
You block the eight-headed hydra's attack.
The eight-headed hydra bites you but does no damage.
The eight-headed hydra bites you.
* * * LOW HITPOINT WARNING * * *
The eight-headed hydra barely misses you.
The eight-headed hydra bites you!
* * * LOW HITPOINT WARNING * * *
The eight-headed hydra bites you.
You die...

,,,*****,,,,,,,* **,,,*,,,,,*,,,,
,,,,*,,,,,,,,,,* **,,.#,,,,,*,,,,
,*,,,,,,**≈≈**** *,,,.+,,,,,*,,,,
****,,******* *,,..,,.,,,,,,,,
**** ***.##..,,,,,,,+ ♣♣######♣♣
♣♣♣♣♣♣......,,,,,,,,
.♣....♣..♣♣♣♣♣.♣♣.♣......,,,,,,,,
........[........D.......,,,,,,,,
................@>.......,,,,,,,,
...[...........#######...,,,,,,,,
...............######,,,.,,,,,,,,
..............D.#...#*,..,,,,,,*,
...#....###....##...##...,,,*,,,,
..#.......#.............,,,,,,,,,
..#.......#....##...##,,,,,,,,,,,
..#.......#.........#*,,,,,,,,,,,
..#.................#*,,,,,,*,,,,


You could see an eight-headed hydra.

Vanquished Creatures
  Gastronok (D:8)
  2 two-headed ogres
  Pikel (D:4)
  A cyclops (D:9)
  Maggie (D:7)
  A komodo dragon (D:9)
  Grinder (D:5)
  2 wyverns
  Eustachio (D:4)
  A steam dragon (D:6)
  3 water moccasins
  3 orc warriors
  A black bear (D:6)
  A sky beast (D:6)
  Pargi (D:3)
  3 ice beasts
  3 necrophages
  6 centaurs
  3 lemures (D:4)
  A phantom (D:7)
  5 bullfrogs
  A wyvern skeleton (D:7)
  2 water moccasin skeletons
  2 howler monkeys
  5 orc priests
  A centaur zombie (D:9)
  Natasha (thrice) (D:2)
  9 orc wizards
  2 iguanas
  A scorpion zombie (D:5)
  Robin (D:2)
  A howler monkey zombie (D:7)
  8 gnolls
  6 adders
  5 white imps
  An ufetubus (D:4)
  3 dart slugs (D:4)
  26 orcs
  6 bats
  5 endoplasms
  3 giant cockroaches
  17 goblins
  9 hobgoblins
  3 jackals (D:1)
  3 quokkas
  10 ball pythons
  7 frilled lizards
  5 kobolds
  3 rats
190 creatures vanquished.

Vanquished Creatures (others)
  6 plants
  6 withered plants (D:1)
12 creatures vanquished.

Grand Total: 202 creatures vanquished

Notes
Turn   | Place    | Note
-------+----------+-------------------------------------------
     0 | D:1      | Pyroue the Minotaur Fighter began the quest for the Orb.
     0 | D:1      | Reached XP level 1. HP: 19/19 MP: 0/0
    81 | D:1      | Found a faded altar of an unknown god.
    98 | D:1      | Reached XP level 2. HP: 20/27 MP: 1/1
   727 | D:2      | Reached XP level 3. HP: 33/33 MP: 2/2
   934 | D:2      | Reached skill level 3 in Axes
  1084 | D:2      | Noticed Natasha
  1106 | D:2      | Killed Natasha
  1107 | D:2      | Reached XP level 4. HP: 12/40 MP: 3/3
  1360 | D:2      | Noticed Natasha
  1376 | D:2      | Killed Natasha
  1383 | D:2      | Noticed Natasha
  1406 | D:2      | Killed Natasha
  1407 | D:2      | Reached skill level 4 in Axes
  1564 | D:2      | Noticed Robin
  1584 | D:2      | Reached XP level 5. HP: 42/47 MP: 4/4
  1588 | D:2      | Killed Robin
  1955 | D:3      | Reached skill level 1 in Dodging
  2043 | D:3      | Noticed Pargi
  2056 | D:3      | Killed Pargi
  2057 | D:3      | Reached skill level 5 in Axes
  2057 | D:3      | Reached skill level 5 in Armour
  2057 | D:3      | Reached XP level 6. HP: 34/53 MP: 5/5
  2318 | D:3      | Found a faded altar of an unknown god.
  2318 | D:3      | Found a sparkling altar of Nemelex Xobeh.
  2325 | D:3      | Found a snail-covered altar of Cheibriados.
  2327 | D:3      | Found a burning altar of Makhleb.
  2329 | D:3      | Found a faded altar of an unknown god.
  2338 | D:3      | Became a worshipper of Makhleb the Destroyer
  2397 | D:4      | Found a staircase to the Ecumenical Temple.
  2487 | D:4      | Noticed an ice beast
  2497 | D:4      | Killed an ice beast
  2498 | D:4      | Reached skill level 5 in Fighting
  2498 | D:4      | Reached skill level 6 in Axes
  2535 | D:4      | Noticed Eustachio
  2545 | D:4      | Killed Eustachio
  2546 | D:4      | Reached skill level 1 in Stealth
  2546 | D:4      | Reached XP level 7. HP: 58/61 MP: 6/6
  2806 | D:4      | Reached * piety under Makhleb
  2912 | D:4      | Noticed Pikel
  2945 | D:4      | Killed Pikel
  2946 | D:4      | Reached skill level 8 in Axes
  2946 | D:4      | Reached skill level 5 in Shields
  2946 | D:4      | Reached XP level 8. HP: 30/70 MP: 7/7
  3280 | D:5      | Entered Level 5 of the Dungeon
  3509 | D:5      | Noticed Grinder
  3509 | D:5      | Paralysed by Grinder for 2 turns
  3643 | D:5      | Found Gettun's Distillery.
  3650 | D:5      | Bought a potion of curing for 39 gold pieces
  3650 | D:5      | Bought a potion of heal wounds for 65 gold pieces
  3650 | D:5      | Bought a potion of curing for 39 gold pieces
  3650 | D:5      | Bought a potion of heal wounds for 65 gold pieces
  4373 | D:5      | Paralysed by Grinder for 6 turns
  4388 | D:5      | Killed Grinder
  4389 | D:5      | Reached skill level 9 in Axes
  4559 | D:6      | Reached XP level 9. HP: 61/78 MP: 8/8
  4663 | D:6      | Reached skill level 10 in Axes
  4749 | D:6      | Identified the +1 leather armour of a bazaar {Dex+2}
  5206 | D:7      | Noticed Maggie
  5222 | D:7      | Killed Maggie
  5285 | D:7      | Reached skill level 11 in Axes
  5501 | D:7      | Reached ** piety under Makhleb
  5821 | D:8      | Noticed a two-headed ogre
  5840 | D:8      | Killed a two-headed ogre
  5841 | D:8      | Reached skill level 12 in Axes
  5841 | D:8      | Reached XP level 10. HP: 75/88 MP: 9/9
  5861 | D:8      | Found a glowing golden altar of the Shining One.
  5871 | D:8      | Noticed Gastronok
  6114 | D:8      | Found a transporter.
  6122 | D:8      | Noticed Fortus's ghost (novice DjFE)
  6294 | D:8      | Found a transporter.
  6569 | D:8      | Killed Gastronok
  6570 | D:8      | Reached skill level 13 in Axes
  6570 | D:8      | Reached skill level 5 in Dodging
  6643 | D:8      | Found a shimmering blue altar of Sif Muna.
  6924 | D:9      | Found an opulent altar of Gozag.
  6925 | D:9      | Noticed a two-headed ogre
  6988 | D:9      | Killed a two-headed ogre
  7158 | D:9      | Noticed a cyclops
  7175 | D:9      | Killed a cyclops
  7295 | D:9      | Reached skill level 14 in Axes
  7298 | D:9      | Found a staircase to the Lair.
  7719 | Lair:1   | Entered Level 1 of the Lair of Beasts
  7769 | Lair:1   | Noticed an eight-headed hydra
  7838 | Lair:2   | Noticed a cane toad
  7841 | Lair:1   | HP: 2/91 [eight-headed hydra (3)]
  7843 | Lair:1   | Slain by an eight-headed hydra

Illustrated notes

Levels and vault maps discovered:
D:1:      minmay_arrival_shattered_statue, layout_loops_ring,
          ebering_ecumenical_altar_petrified, chequers_jeans
D:2:      minmay_chambers_of_twos, layout_loops_ring, serial_park_tiny_pond,
          uniq_robin, uniq_natasha
D:3:      layout_rooms, chequers_temple_overflow_minitemple, serial_curves,
          eino_curves_04, eino_curves_01, uniq_pargi
D:4:      layout_loops_ring, minmay_temple_entry_trees, uniq_eustachio,
          uniq_pikel
D:5:      layout_layer_cave, serial_shops, kennysheep_mini, uniq_grinder
D:6:      layout_loops_cross
D:7:      layout_loops_ring, uniq_maggie
D:8:      layout_loops_ring, kennysheep_orc_sif_temple,
          mainiacjoe_overflow_cross_hatched, gammafunk_ghost_hive,
          uniq_gastronok
D:9:      layout_basic, old_standard_altar, david_lair_shrubbed
Lair:1:   layout_regular_city, roderic_batcave, gammafunk_lair_bear_cave
Lair:2:   layout_long_grid, grunt_forest_large_clearing_hut

Skill      XL: |  1  2  3  4  5  6  7  8  9 10 |
---------------+-------------------------------+-----
Shields        | 4 5 6 |  6.8
Armour         | 4 5 6 7 |  7.1
Fighting       | 4 5 6 7 9 |  9.0
Axes           | 3 4 5 6 8 9 12 14 | 14.0
Dodging        | 1 2 3 4 5 |  5.3
Stealth        | 1 2 3 4 |  4.4
Throwing       | |  0.3

Action                   |  1- 3 |  4- 6 |  7- 9 | 10-12 || total
-------------------------+-------+-------+-------+-------++-------
Melee: War axe           |    77 |    92 |   244 |   138 ||   551
       Headbutt          |    12 |    15 |    58 |    34 ||   119
Throw: Stone             |       |       |     1 |       ||     1
Evoke: Wand              |       |       |       |     1 ||     1
  Use: Potion            |       |       |     2 |     2 ||     4
       Scroll            |       |       |       |     8 ||     8
 Stab: Sleeping          |       |     1 |     9 |     5 ||    15
Armor: Scale mail        |    39 |    29 |       |       ||    68
       Troll leather arm |       |     8 |    29 |       ||    37
       Acid dragon scale |       |       |    40 |    24 ||    64
Dodge: Dodged            |    43 |    45 |   127 |    67 ||   282
Block: Buckler           |    15 |    19 |    70 |    23 ||   127

Table legend: (Time is in decaauts)
 A = Elapsed time spent in this place.
 B = Non-inter-level travel time spent in this place.
 C = Inter-level travel time spent in this place.
 D = Time resting spent in this place.
 E = Time spent auto-exploring this place.
 F = Levels seen in this place.
 G = Mean time per level.
                   A        B        C        D        E       F      G
               +--------+--------+--------+--------+--------+-----+--------+
         Total |   7882 |   7129 |    753 |      0 |   5118 |  11 |  716.5 |
       Dungeon |   7758 |   7005 |    753 |      0 |   5096 |   9 |  862.0 |
          Lair |    123 |    123 |      0 |      0 |     22 |   2 |   61.5 |
               +--------+--------+--------+--------+--------+-----+--------+

Top non-repeatable levels by time:
     D:2: 1163 daAuts
     D:5: 1132 daAuts
     D:8: 1057 daAuts
     D:4: 957 daAuts
     D:9: 860 daAuts
     D:1: 741 daAuts
     D:6: 711 daAuts
     D:7: 614 daAuts
     D:3: 520 daAuts
  Lair:1: 122 daAuts
  Lair:2: 1 daAuts
